 Dungeon Crawl Stone Soup version 0.20-a0-672-gd6c3c51 (webtiles) character file.

37111 einst the Carver (level 13, -2/114 HPs)
             Began as a Naga Gladiator on Feb 17, 2017.
             Was a High Priest of Hepliaklqana.
             Slain by an elephant (9 damage)
             ... on level 6 of the Lair of Beasts.
             The game lasted 01:11:40 (19083 turns).

einst the Carver (Naga Gladiator)                  Turns: 19083, Time: 01:11:41

Health: -2/114     AC: 13    Str: 16    XL:     13   Next: 94%
Magic:  0/18       EV: 19    Int:  9    God:    Hepliaklqana [*****.]
Gold:   741        SH:  0    Dex: 23    Spells: 12/12 levels left

rFire    + + .     SeeInvis +   K - +0 great sword (flame)
rCold    + + .     Gourm    .   k - +0 scale mail {rF+}
rNeg     . . .     Faith    .   (shield currently unavailable)
rPois    +         Spirit   +   c - +1 helmet
rElec    .         Reflect  .   T - scarf {rC+ rF+}
rCorr    .         Harm     .   (no gloves)
MR       +....                  (no barding)
Stlth    ++++......             A - amulet of guardian spirit
Regen    0.3/turn               R - +2 ring of protection
MPRegen  0.2/turn               s - ring of protection from cold

@: agile, very slightly contaminated, very slow
A: reduced essence, see invisible, deformed body, poison resistance, slowness 2,
slow metabolism 1, spit poison 1, constrict 1, AC +4
a: Spit Poison, Recall Ancestor, Ancestor Identity, Transference, Idealise,
Renounce Religion


You were on level 6 of the Lair of Beasts.
You worshipped Hepliaklqana.
Hepliaklqana was extremely pleased with you.
You were not hungry.

You visited 3 branches of the dungeon, and saw 16 of its levels.
You also visited: Sewer, Ossuary and Volcano.

You collected 1000 gold pieces.
You spent 259 gold pieces at shops.

Inventory:

Hand Weapons
 E - a +6 great sword of freezing
 K - a +0 great sword of flaming (weapon)
Missiles
 d - 3 throwing nets
 w - 19 tomahawks (quivered)
Armour
 c - a +1 helmet (worn)
 k - a +0 scale mail of fire resistance (worn)
 C - a +2 cloak
 H - +0 steam dragon scales
 T - a scarf of resistance (worn)
Jewellery
 s - a ring of protection from cold (left hand)
 A - an amulet of guardian spirit (around neck)
 R - a +2 ring of protection (right hand)
Wands
 N - a wand of iceblast (12/15)
 P - a wand of acid (11/15)
 W - a wand of flame (31/48)
 Z - a wand of lightning (6/15)
Scrolls
 b - 2 scrolls of enchant weapon
 e - a scroll of brand weapon
 h - 6 scrolls of magic mapping
 l - 5 scrolls of amnesia
 r - 2 scrolls of teleportation
 y - 13 scrolls of remove curse
 B - 3 scrolls of identify
 F - a scroll of fear {unknown}
 I - 5 scrolls of enchant armour
Potions
 a - 2 potions of might {unknown}
 g - 4 potions of flight
 m - 5 potions of brilliance
 n - 4 potions of heal wounds
 p - a potion of magic
 q - 4 potions of agility
 t - 4 potions of lignification
 u - 3 potions of berserk rage
 v - 3 potions of ambrosia
 z - a potion of mutation
 D - 9 potions of curing
 G - 4 potions of haste
 S - a potion of resistance
Books
 X - a book of Fire

   Spells                             Type                      Level
   a - Ignite Poison                  Fire/Transmutation/Poison    3
   b - Fireball                       Conjuration/Fire             5
   c - Bolt of Fire                   Conjuration/Fire             6
   d - Ring of Flames                 Charms/Fire                  7
   e - Ignition                       Fire                         8
Miscellaneous
 j - a phial of floods
Comestibles
 f - 8 bread rations
 i - 8 meat rations
 o - 15 fruits
 J - 6 chunks of flesh
 L - 10 royal jellies


   Skills:
 - Level 11.2 Fighting
 - Level 14.1 Long Blades
 - Level 2.0 Throwing
 * Level 5.4 Armour
 + Level 9.9 Dodging
 - Level 7.1 Stealth
 - Level 7.0 Invocations


You had 12 spell levels left.
You didn't know any spells.

Dungeon Overview and Level Annotations

Branches:
Dungeon (9/15)             Temple (1/1) D:4            Lair (6/6) D:9
 Shoals (0/4) Lair:4       Spider (0/4) Lair:4        Slime (0/5) Lair:6
    Orc: D:9-12

Altars:
Ashenzari
Cheibriados
Dithmenos
Elyvilon
Fedhas
Gozag
Hepliaklqana
Kikubaaqudgha
Makhleb
Nemelex Xobeh
Okawaru
Qazlal
Ru
Sif Muna
Trog
Uskayaw
Vehumet
Xom
Yredelemnul
Zin
The Shining One
Jiyva

Shops:
D:4 *   D:6 %[**   D:8 !

Annotations:
D:9 exclusion: 2 lindwurms


Innate Abilities, Weirdness & Mutations

You cannot wear boots.
Your serpentine skin is tough. (AC +4)
You have supernaturally acute eyesight. (SInv)
Armour fits poorly on your strangely shaped body.
Your system is resistant to poisons. (rPois)
You cover ground very slowly.
You have a slow metabolism.
You can spit poison.
You can use your snake-like lower body to constrict enemies.
Your life essence is reduced. (-10% HP)


Message History

Your surroundings suddenly seem different.
An elephant comes into view.
The elephant trumpets!
An elephant comes into view.
The elephant trumpets!
An elephant comes into view.
The elephant trumpets!
The elephant misses you. The elephant barely misses you. x2
The elephant completely misses you. The elephant tramples you!
* * * LOW HITPOINT WARNING * * *
You stumble backwards!
The elephant barely misses you.
The elephant trunk-slaps you but does no damage. 2 elephants come into view.
You feel agile all of a sudden. The elephant barely misses you.
The elephant trunk-slaps you.
* * * LOW HITPOINT WARNING * * *
The elephant closely misses you.
The elephant trunk-slaps you but does no damage.
The elephant tramples you!
You die...

............).........####..##..#
(.............<........##....#.##
........................P..#####
...#..........R#.####.......P#
.##...........######.#P....P###
#####........)..###.##.....##.#
..##............##.###........#
###P.........Y....###....#P..P#
.###...###P...YY@..#.....#....##
R#...### ###..YY.##..#######...#
#..### ##..#.##.## ##### ####
#########


You could see 5 elephants.

Vanquished Creatures
  The ghost of Poody the Impaler, a journeyman MiFi of Qazlal (Lair:3)
  3 hydras
  A two-headed ogre (D:8)
  Nergalle (Lair:2)
  A fire crab (Volcano)
  A lindwurm (Volcano)
  5 elephants
  6 black mambas
  5 spiny frogs
  2 molten gargoyles (Lair:6)
  4 rime drakes
  7 komodo dragons
  2 polar bears
  A troll (D:9)
  A queen bee (D:8)
  2 jumping spiders (Lair:4)
  6 blink frogs
  A hornet (D:8)
  4 hippogriffs
  Sigmund (D:3)
  3 wyverns
  2 wraiths (Ossuary)
  20 yaks
  2 basilisks
  A steam dragon (Lair:6)
  2 fire bats (Volcano)
  A hungry ghost (D:8)
  Menkaure (D:5)
  9 water moccasins
  6 hell hounds
  9 porcupines
  2 ice beasts
  2 black bears
  3 orc warriors
  3 sky beasts
  A necrophage (D:7)
  A phantom (D:6)
  An ogre (D:8)
  15 wolves
  2 centaurs
  11 crocodiles
  12 bullfrogs
  3 scorpions
  18 killer bees
  5 wights
  3 howler monkeys
  4 lava snakes
  A bullfrog zombie (D:7)
  4 crimson imps
  2 jellies
  A quasit (D:5)
  3 hounds
  A centaur skeleton (D:4)
  An orc priest (D:8)
  3 bullfrog skeletons
  An orc wizard (D:5)
  2 worker ants
  Terence (D:3)
  Natasha (twice) (D:3)
  2 hexers
  A hound zombie (D:7)
  3 gnolls (D:3)
  9 adders
  A shadow imp (D:6)
  13 oozes
  2 adder skeletons
  A worm (D:3)
  2 dart slugs (D:2)
  11 leopard geckos
  15 orcs
  7 ball pythons
  18 giant cockroaches
  4 goblins
  6 hobgoblins
  11 jackals
  4 kobolds
  12 quokkas
  10 bats
  8 frilled lizards
  A hobgoblin skeleton (Ossuary)
  2 kobold zombies (Ossuary)
  An orc skeleton (Ossuary)
  4 orc zombies (Ossuary)
  A quokka zombie (D:6)
  10 rats
  3 plants (D:2)
381 creatures vanquished.

Vanquished Creatures (collateral kills)
  A hydra (Lair:6)
  A two-headed ogre (D:8)
  2 black mambas (Lair:6)
  2 elephants (Lair:5)
  A molten gargoyle (Lair:6)
  2 spiny frogs
  2 komodo dragons
  3 blink frogs
  A hippogriff (Lair:1)
  A fire bat (Volcano)
  A spriggan (Lair:4)
  A yak (Lair:3)
  A basilisk (Lair:3)
  A steam dragon (Volcano)
  A hell hound (Volcano)
  3 water moccasins
  An orc warrior (D:8)
  A phantom (D:9)
  A wolf (Lair:3)
  A crocodile (Lair:5)
  A bullfrog (D:8)
  2 scorpions
  6 killer bees (D:8)
  A wight (Ossuary)
  A howler monkey (D:8)
  A crimson imp (D:6)
  A hound (D:9)
  2 orc wizards
  Natasha (D:3)
  A killer bee zombie (D:8)
  A worker ant zombie (D:8)
  A gnoll (D:3)
  2 howler monkey skeletons
  3 adders (Sewer)
  2 oozes (Sewer)
  An adder zombie (D:5)
  3 leopard geckos (Sewer)
  6 orcs
  4 ball pythons (Sewer)
  2 bats (D:3)
  6 giant cockroaches
  2 hobgoblins (D:3)
  2 jackals (D:3)
  2 quokkas
  5 frilled lizards
87 creatures vanquished.

Vanquished Creatures (others)
  A steam dragon (Volcano)
  A howler monkey (D:4)
  4 hexers
  4 ancestors
  12 fungi (Lair:6)
  3 plants
25 creatures vanquished.

Grand Total: 493 creatures vanquished

Notes
Turn   | Place    | Note
-------+----------+-------------------------------------------
     0 | D:1      | einst the Naga Gladiator began the quest for the Orb.
     0 | D:1      | Reached XP level 1. HP: 19/19 MP: 1/1
   228 | D:1      | Reached XP level 2. HP: 22/26 MP: 2/2
   423 | D:1      | Reached skill level 4 in Long Blades
   780 | D:1      | Reached XP level 3. HP: 31/32 MP: 3/3
  1171 | D:2      | Found a snail-covered altar of Cheibriados.
  1217 | D:2      | Found a hazy altar of Hepliaklqana.
  1307 | D:2      | Became a worshipper of Hepliaklqana the Forgotten
  1318 | D:2      | Reached XP level 4. HP: 35/35 MP: 4/4
  1621 | D:2      | Reached skill level 5 in Long Blades
  2079 | D:3      | Found a glowing drain.
  2223 | D:3      | Noticed Terence
  2227 | Sewer    | Entered a sewer
  2239 | Sewer    | Reached XP level 5. HP: 18/40 MP: 5/5
  2568 | Sewer    | Reached skill level 6 in Long Blades
  3045 | Sewer    | Reached XP level 6. HP: 40/46 MP: 6/6
  3199 | Sewer    | Reached skill level 7 in Long Blades
  3261 | D:3      | Killed Terence
  3361 | D:3      | Reached * piety under Hepliaklqana
  3367 | D:3      | Noticed Natasha
  3375 | D:3      | Killed Natasha
  3704 | D:3      | Noticed Sigmund
  3783 | D:3      | Noticed Natasha
  3790 | D:3      | Killed Natasha
  3890 | D:3      | Reached XP level 7. HP: 39/54 MP: 7/7
  4089 | D:3      | Reached skill level 1 in Stealth
  4393 | D:3      | Killed Sigmund
  4393 | D:3      | Reached skill level 8 in Long Blades
  4639 | D:3      | Noticed Natasha
  4651 | D:3      | Killed Natasha
  5005 | D:4      | Reached skill level 5 in Stealth
  5355 | D:4      | Found Cestec's General Store.
  5609 | D:4      | Found a staircase to the Ecumenical Temple.
  5618 | Temple   | Entered the Ecumenical Temple
  5924 | D:5      | Entered Level 5 of the Dungeon
  5950 | D:5      | Reached XP level 8. HP: 52/60 MP: 5/8
  5954 | D:5      | Noticed Menkaure
  5965 | D:5      | Killed Menkaure
  6164 | D:5      | Found a sand-covered staircase.
  6170 | Ossuary  | Entered an ossuary
  6276 | Ossuary  | Noticed a flying skull
  6276 | Ossuary  | Noticed a wraith
  6285 | Ossuary  | Noticed a flying skull
  6288 | Ossuary  | Noticed a flying skull
  6328 | Ossuary  | Noticed a flying skull
  6346 | Ossuary  | Noticed a flying skull
  6352 | Ossuary  | Noticed a wraith
  6392 | Ossuary  | Killed a wraith
  6392 | Ossuary  | Reached skill level 5 in Fighting
  6610 | Ossuary  | Noticed a wraith
  6623 | Ossuary  | Killed a wraith
  7129 | D:5      | Reached ** piety under Hepliaklqana
  7130 | D:5      | Remembered your ancestor Laslo as a hexer
  7170 | D:5      | Found a shadowy altar of Dithmenos.
  7171 | D:5      | Found a radiant altar of Vehumet.
  7499 | D:6      | Reached skill level 9 in Long Blades
  7499 | D:6      | Reached XP level 9. HP: 73/73 MP: 9/9
  7538 | D:6      | Found Dacziep's Armour Emporium.
  7546 | D:6      | Bought a +2 cloak for 231 gold pieces
  7552 | D:6      | Found Jabau's General Store.
  7883 | D:6      | Found Refir's Food Shop.
  7944 | D:6      | Reached skill level 10 in Long Blades
  8199 | D:6      | Found Gieh's General Store.
  8202 | D:6      | Bought a scroll of identify for 28 gold pieces
  8249 | D:7      | Found a shattered altar of Ashenzari.
  8390 | D:7      | Found a bloodstained altar of Trog.
  8503 | D:7      | Found an iron altar of Okawaru.
  8814 | D:8      | Reached skill level 11 in Long Blades
  9068 | D:8      | Reached XP level 10. HP: 65/80 MP: 7/10
  9181 | D:8      | Reached skill level 12 in Long Blades
  9185 | D:8      | Noticed a two-headed ogre
  9195 | D:8      | Killed a two-headed ogre
  9571 | D:8      | Reached skill level 13 in Long Blades
  9975 | D:8      | Found Waitt's Distillery.
  9989 | D:8      | Found a blossoming altar of Fedhas.
 10139 | D:8      | Noticed a two-headed ogre
 10146 | D:8      | Killed a two-headed ogre
 10146 | D:8      | Reached skill level 14 in Long Blades
 10362 | D:9      | Reached XP level 11. HP: 86/86 MP: 11/11
 10371 | D:9      | Found a staircase to the Lair.
 10372 | D:9      | Reached *** piety under Hepliaklqana
 10755 | D:9      | Reached skill level 1 in Invocations
 11139 | D:9      | Noticed a lindwurm
 11213 | D:9      | Noticed a lindwurm
 11358 | Lair:1   | Entered Level 1 of the Lair of Beasts
 11493 | Lair:1   | Noticed an eight-headed hydra
 11501 | Lair:1   | Killed an eight-headed hydra
 11536 | Lair:1   | Found a dark tunnel.
 11605 | Volcano  | Entered a volcano
 11628 | Volcano  | Noticed a lindwurm
 11636 | Volcano  | Killed a lindwurm
 11829 | Volcano  | Noticed a fire crab
 11837 | Volcano  | Killed a fire crab
 11837 | Volcano  | Reached skill level 10 in Fighting
 12257 | Lair:1   | Got a fine bronze ring
 12494 | Lair:2   | Reached **** piety under Hepliaklqana
 12494 | Lair:2   | Noticed a seven-headed hydra
 12642 | Lair:2   | Killed a two-headed hydra
 12642 | Lair:2   | Reached XP level 12. HP: 42/108 MP: 3/13
 13094 | Lair:2   | Noticed Nergalle
 13106 | Lair:2   | Killed Nergalle
 13130 | Lair:2   | Identified the ring "Myranim" {rPois Int+5} (You found it on level 1 of the Lair of Beasts)
 13283 | Lair:3   | Noticed Poody's ghost (journeyman MiFi)
 13296 | Lair:3   | Killed Poody's ghost
 13662 | Lair:3   | Reached skill level 5 in Dodging
 13666 | Lair:3   | Reached skill level 1 in Armour
 14687 | Lair:4   | Found a hole to the Spider Nest.
 15146 | Lair:4   | Found a staircase to the Shoals.
 15153 | Lair:4   | Reached skill level 5 in Armour
 15238 | Lair:4   | Reached ***** piety under Hepliaklqana
 15280 | Lair:4   | Reached skill level 5 in Invocations
 16047 | Lair:5   | Gained mutation: You can use your snake-like lower body to constrict enemies. [Naga growth]
 16047 | Lair:5   | Reached XP level 13. HP: 109/114 MP: 16/18
 16997 | Lair:6   | Entered Level 6 of the Lair of Beasts
 17649 | Lair:6   | Found a viscous altar of Jiyva.
 17649 | Lair:6   | Found a staircase to the Slime Pits.
 18457 | Lair:6   | Noticed a fire dragon
 19083 | Lair:6   | Slain by an elephant

Vault maps used:
D:1:      dpeg_cavernosity
D:2:      wad_woods_stonehenge, first_bread, cheibriados_altar_1
D:3:      gup_sewer_entry_glass, minmay_strange_pillars, minmay_statues_item,
          uniq_sigmund, uniq_terence, uniq_natasha
D:4:      lemuel_temple_firewalk_b, serial_shops, kennysheep_mini, minivault_1
D:5:      gammafunk_temple_overflow_statue, nicolae_ossuary_entry_plus,
          minmay_misc_feat_enclosed, uniq_menkaure
D:6:      serial_shops, kennysheep_mini_moat, nicolae_shop_crystal, shop,
          shop_fountains, minmay_misc_feat_four_crosses
D:7:      lemuel_crystal_altar, lemuel_doored_altar, ashenzari_altar_1
D:8:      overflow_temple_1_default, serial_shops, nicolae_shop_behind_doors,
          david_nohive_1, small_statue_alley_b
D:9:      dpeg_oklobed_lair, minmay_lindwurm_lava
Temple:   eino_narrow_crystal_temple
Lair:1:   enter_volcano_4
Lair:2:   minmay_holes, uniq_nergalle
Lair:3:   beast_lair_carwin_5, infiniplex_staircase_pool_2
Lair:4:   elwin_shoals_entry_rocks, spider_nest_entry_a,
          grunt_forest_stairs_clearing
Lair:5:   grunt_megastairs_3
Lair:6:   cheibrodos_lair_end_hotspot, slime_altar_1
Sewer:    sewer_frog_island_02
Ossuary:  ossuary_due_cavern
Volcano:  volcano_pools

Skill      XL: |  1  2  3  4  5  6  7  8  9 10 11 12 13 |
---------------+----------------------------------------+-----
Long Blades    | 4 5 6 7 8 9 11 14 | 14.1
Stealth        | 7 |  7.1
Fighting       | 6 11 | 11.2
Invocations    | 2 7 |  7.0
Throwing       | 2 |  2.0
Dodging        | 5 9 |  9.9
Armour         | 5 |  5.4

Action                   |  1- 3 |  4- 6 |  7- 9 | 10-12 | 13-15 || total
-------------------------+-------+-------+-------+-------+-------++-------
Melee: Long sword        |   106 |   264 |   135 |       |       ||   505
       Great sword       |       |       |   111 |   393 |   182 ||   686
       Constrict         |       |       |       |       |    43 ||    43
Throw: Stone             |    10 |    11 |       |       |       ||    21
       Tomahawk          |       |       |    13 |    42 |     6 ||    61
Invok: Ancestor Identity |       |     1 |       |       |       ||     1
       Ancestor Life: He |       |       |     1 |       |       ||     1
       Idealise          |       |       |       |     1 |       ||     1
 Abil: Spit Poison       |       |     2 |     2 |     5 |       ||     9
Evoke: Wand              |       |       |     5 |     6 |     3 ||    14
  Use: Scroll            |       |     3 |    12 |    12 |    10 ||    37
       Potion            |       |       |     1 |     1 |     2 ||     4
 Stab: Distracted        |       |     1 |     1 |    10 |     3 ||    15
       Sleeping          |       |       |    23 |     9 |     1 ||    33
       Confused          |       |       |     2 |    10 |       ||    12
  Eat: Chunk             |     1 |     7 |    10 |    12 |     8 ||    38
       Royal jelly       |       |       |     1 |       |       ||     1
       Bread ration      |       |       |     1 |     1 |       ||     2
Armor: Leather armour    |    39 |    71 |   109 |    68 |       ||   287
       Skin              |       |     1 |       |       |       ||     1
       Scale mail        |       |       |       |   117 |    73 ||   190
       Plate armour      |       |       |       |     6 |       ||     6
Dodge: Dodged            |    88 |   139 |   138 |   194 |   110 ||   669
       Rpst.: Long sword |    34 |    55 |    21 |       |       ||   110
       Great sword       |       |       |    19 |    55 |    21 ||    95
